 Dungeon Crawl Stone Soup version 0.17.0 (webtiles) character file.

261819 HungrySpirit the Executioner (level 19, -7/181 HPs)
             Began as a Minotaur Gladiator on Nov 6, 2015.
             Was a High Priest of Trog.
             Mangled by a Hell Sentinel (15 damage)
             ... on level 4 of the Abyss.
             The game lasted 01:26:34 (35543 turns).

HungrySpirit the Executioner (Minotaur Gladiator)  Turns: 35543, Time: 01:26:35

Health: -7/181     AC: 32    Str: 21    XL:     19   Next: 21%
Magic:  27/27      EV: 19    Int: -2 (3) God:    Trog [*****.]
Gold:   2561       SH:  0    Dex: 18    Spells: 0 memorised, 18 levels left

rFire  + . .     SeeInvis .     o - +8 executioner's axe (chop)
rCold  + . .     Clarity  .     c - +8 chain mail "Trusted Companion" {rN+++ Int-2 Slay+3}
rNeg   + + +     SustAt   .     (shield currently unavailable)
rPois  +         Gourm    .     J - +2 hat
rElec  .         Spirit   .     n - +0 cloak of Dim Light {rN+}
rCorr  .         Warding  .     M - +1 pair of gloves of the Vacuum {*Drain rPois rF+ MP+9}
rMut   +         Stasis   .     a - +0 pair of boots {run}
MR     ++...                    b - amulet of resist mutation
Stlth  ..........               x - ring of protection from magic
                                r - ring of protection from cold

@: slowed, lost intelligence, very slow, very resistant to hostile enchantments,
extremely unstealthy
A: retaliatory headbutt, horns 2, slimy green scales 1, regeneration 1, wild
magic 1, no device heal 1
a: Berserk, Trog's Hand, Brothers in Arms, Burn Spellbooks, Renounce Religion
}: 2/15 runes: serpentine, barnacled


You were on level 4 of the Abyss.
You worshipped Trog.
Trog was extremely pleased with you.
You were very hungry.

You visited 6 branches of the dungeon, and saw 32 of its levels.
You visited the Abyss 1 time.
You also visited: Labyrinth and Volcano.

You collected 3822 gold pieces.
You spent 1261 gold pieces at shops.

Inventory:

Hand Weapons
 o - a +8 executioner's axe of chopping (weapon)
Missiles
 d - 11 throwing nets (quivered)
Armour
 a - a +0 pair of boots of running (worn)
 c - the +8 chain mail "Trusted Companion" (worn) {rN+++ Int-2 Slay+3}
   (You acquired it on level 7 of the Lair of Beasts)

   It affects your intelligence (-2).
   It affects your accuracy and damage with ranged weapons and melee attacks
   (+3).
   It renders you almost immune to negative energy.
 h - a +2 crystal plate armour
 n - the +0 cloak of Dim Light (worn) {rN+}
   (You acquired it on level 7 of the Lair of Beasts)

   It protects you from negative energy.
 J - a +2 hat (worn)
 M - the +1 pair of gloves of the Vacuum (worn) {*Drain rPois rF+ MP+9}
   (You acquired it on level 4 of the Orcish Mines)

   It protects you from fire.
   It protects you from poison.
   It affects your magic capacity (+9).
   It causes draining when unequipped.
Jewellery
 b - an amulet of resist mutation (around neck)
 r - a ring of protection from cold (left hand)
 s - an uncursed ring of sustain attributes
 x - a ring of protection from magic (right hand)
 X - a +2 ring of evasion
 Z - an uncursed ring of see invisible
Wands
 f - a wand of digging (15)
 R - a wand of fire (0)
Scrolls
 i - 6 scrolls of enchant armour
 j - 4 scrolls of fear
 k - a scroll of silence
 l - 3 scrolls of remove curse
 q - a scroll of holy word
 t - 9 scrolls of identify
 y - a scroll of blinking
 A - 4 scrolls of recharging
 F - 2 scrolls of teleportation
 O - 5 scrolls of immolation
 T - 3 scrolls of vulnerability
Potions
 m - a potion of cure mutation
 p - 2 potions of cancellation
 u - a potion of brilliance
 z - a potion of agility
 D - a potion of berserk rage
 E - 2 potions of curing
 G - a potion of magic
 K - 3 potions of invisibility
 L - 3 potions of resistance
 S - a potion of haste
 U - a potion of ambrosia
Books
 v - a book of Callings

   Spells                             Type                      Level
   a - Summon Small Mammal            Summoning                    1
   b - Call Imp                       Summoning                    2
   c - Call Canine Familiar           Summoning                    3
   d - Summon Guardian Golem          Hexes/Summoning              3
   e - Summon Lightning Spire         Summoning/Air                4
   f - Summon Ice Beast               Ice/Summoning                4
   Trog disapproves of the use of such an item.
 w - the Collected Works on Creative Augmentations
   (You found it on level 3 of the Snake Pit)

   Spells                             Type                      Level
   a - Infusion                       Charms                       1
   b - Swiftness                      Charms/Air                   2
   c - Shroud of Golubria             Charms/Translocation         2
   d - Iskenderun's Battlesphere      Conjuration/Charms           5
   e - Shadow Creatures               Summoning                    5
   f - Summon Demon                   Summoning                    5
   Trog disapproves of the use of such an item.
 C - a book of Clouds

   Spells                             Type                      Level
   a - Mephitic Cloud                 Conjuration/Poison/Air       3
   b - Conjure Flame                  Conjuration/Fire             3
   c - Poisonous Cloud                Conjuration/Poison/Air       6
   d - Freezing Cloud                 Conjuration/Ice/Air          6
   e - Ring of Flames                 Charms/Fire                  7
   Trog disapproves of the use of such an item.
 H - a book of Enchantments

   Spells                             Type                      Level
   a - Cause Fear                     Hexes                        4
   b - Silence                        Hexes/Air                    5
   c - Deflect Missiles               Charms/Air                   6
   d - Haste                          Charms                       6
   e - Discord                        Hexes                        8
   Trog disapproves of the use of such an item.
 I - a book of Fire

   Spells                             Type                      Level
   a - Ignite Poison                  Fire/Transmutation/Poison    3
   b - Fireball                       Conjuration/Fire             5
   c - Bolt of Fire                   Conjuration/Fire             6
   d - Delayed Fireball               Conjuration/Fire             7
   e - Ring of Flames                 Charms/Fire                  7
   Trog disapproves of the use of such an item.
 N - a book of Minor Magic

   Spells                             Type                      Level
   a - Magic Dart                     Conjuration                  1
   b - Blink                          Translocation                2
   c - Call Imp                       Summoning                    2
   d - Repel Missiles                 Charms/Air                   2
   e - Slow                           Hexes                        2
   f - Conjure Flame                  Conjuration/Fire             3
   g - Mephitic Cloud                 Conjuration/Poison/Air       3
   Trog disapproves of the use of such an item.
 P - a book of Cantrips

   Spells                             Type                      Level
   a - Corona                         Hexes                        1
   b - Animate Skeleton               Necromancy                   1
   c - Summon Small Mammal            Summoning                    1
   d - Apportation                    Translocation                1
   Trog disapproves of the use of such an item.
Comestibles
 e - 8 bread rations
 g - 7 meat rations


   Skills:
 + Level 18.9 Fighting
 * Level 24.8 Axes
 - Level 2.0 Throwing
 + Level 17.0 Armour
 + Level 16.2 Dodging


You had 18 spell levels left.
You didn't know any spells.

Dungeon Overview and Level Annotations

Branches:
Dungeon (11/15)            Temple (1/1) D:6            Lair (8/8) D:9
 Shoals (4/4) Lair:3        Snake (4/4) Lair:3        Slime (0/6) Lair:7
    Orc (4/4) D:11            Elf (0/3) Orc:4

Altars:
Ashenzari
Cheibriados
Dithmenos
Elyvilon
Fedhas
Gozag
Kikubaaqudgha
Makhleb
Nemelex Xobeh
Okawaru
Qazlal
Ru
Sif Muna
Trog
Vehumet
Xom
Yredelemnul
Zin
The Shining One
Beogh
Jiyva

Shops:
D:10 !   Orc:3 %   Orc:4 (%:?   Snake:2 }

Portals:
Hell: Lair:8


Innate Abilities, Weirdness & Mutations

You reflexively headbutt those who attack you in melee.
You have a pair of horns on your head.
You are partially covered in slimy green scales (AC +2).
Your natural rate of healing is unusually fast.
Your spells are a little harder to cast, but a little more powerful.
Potions and wands are less effective at restoring your health.


Message History

The Hell Sentinel barely misses you.
Unknown command.
Unknown command.
Drink which item? (? for menu, Esc to quit)
You feel better. The Hell Sentinel hits you!!
* * * LOW HITPOINT WARNING * * *
The Hell Sentinel misses you.
You hear a shout!
You hear a bark!
Unknown command.
Unknown command.
You're too hungry to go berserk.
Unknown command.
Drink which item? (? for menu, Esc to quit)
You feel better.
You hear a shout!
You hear a bark!
You hear a horrible gurgling sound!
You hear a screech!
You hear a shout!
You hear a shout!
You hear a bark!
You hear a shout!
You hear a roar!
You hear a bark!
You hear a bark!
The Hell Sentinel hits you but does no damage.
The Hell Sentinel hits you!
You die...

ยง.#
###5#
#@13#
###)#
. .#
#
.###
. # .
#


You could see a Hell Sentinel, a ynoxinul and an ufetubus.

Vanquished Creatures
  Vashnia (Snake:3)
  Nikola (Snake:1)
  A profane servitor (Abyss:4)
  A lich (Abyss:4)
  A tentacled starspawn (Abyss:1)
  Kirke (Snake:4)
  Roxanne (Snake:3)
  12 greater nagas
  Maud (Lair:7)
  Aizul (Shoals:2)
  5 very ugly things (Abyss:4)
  4 merfolk javelineers
  A jiangshi (Abyss:4)
  An eidolon (Abyss:1)
  A minotaur (Lab)
  Josephine (Orc:2)
  9 merfolk impalers (Shoals:4)
  2 ogre magi (Orc:4)
  Harold (Orc:3)
  A great orb of eyes (Abyss:1)
  A catoblepas (Shoals:4)
  8 hydras
  17 naga warriors
  3 merfolk avatars
  2 centaur warriors
  An alligator (Shoals:3)
  A satyr (Shoals:4)
  3 alligator snapping turtles
  4 merfolk aquamancers (Shoals:4)
  19 anacondas
  12 death yaks
  A sun demon (Lair:8)
  14 naga sharpshooters
  4 thrashing horrors
  10 shock serpents
  An orc high priest (Orc:4)
  5 wretched stars
  2 deep trolls (Orc:4)
  5 salamander mystics
  16 naga ritualists
  2 unseen horrors (D:10)
  7 sea snakes
  10 starcursed masses
  3 harpies
  3 hill giants
  A death drake (Abyss:4)
  A lindwurm (Lair:1)
  Pikel (D:9)
  14 mana vipers
  An orc knight (Orc:3)
  An orc sorcerer (Orc:2)
  5 manticores
  3 fauns (Shoals:4)
  12 salamanders
  5 cyclopes
  48 black mambas
  7 griffons
  3 sirens
  5 water nymphs
  2 molten gargoyles (Volcano)
  A rust devil (Abyss:2)
  Maurice (D:9)
  13 guardian serpents
  A worldbinder (Abyss:1)
  27 elephants
  17 naga magi
  3 smoke demons
  2 hellions
  3 orange demons
  19 spiny frogs
  A torpor snail (Lair:8)
  4 ancient zymes
  4 hellwings
  10 fire drakes
  An efreet (Abyss:4)
  5 komodo dragons
  7 trolls
  A kobold demonologist (D:11)
  2 yaktaurs (Volcano)
  2 red devils (Lair:8)
  19 merfolk
  A blue devil (Lair:8)
  2 polar bears
  5 raiju
  A boulder beetle (Lair:4)
  7 two-headed ogres
  18 blink frogs
  5 snapping turtles
  6 large abominations
  5 hogs (Snake:4)
  4 water elementals
  22 yaks
  6 wyverns (Lair:6)
  3 wraiths (Orc:2)
  A fire bat (Volcano)
  6 neqoxecs
  A basilisk (shapeshifter) (Abyss:4)
  8 basilisks
  5 golden eyes (Abyss:2)
  8 small abominations
  2 ynoxinuls (Abyss:1)
  2 humans (D:9)
  68 nagas
  3 chaos spawn
  Menkaure (D:4)
  19 wolves
  15 porcupines
  11 hippogriffs
  2 hell hounds
  5 wargs
  15 water moccasins
  2 slaves (D:9)
  A sky beast (D:6)
  11 orc warriors
  3 ice beasts
  3 eyes of draining
  2 necrophages (D:5)
  25 ogres
  14 crocodiles
  A big kobold (D:7)
  4 centaurs
  2 brain worms (Abyss:3)
  23 giant frogs
  2 scorpions
  An electric eel (D:11)
  5 wights
  5 killer bees (D:9)
  2 crimson imps
  A lava snake (Volcano)
  A centaur zombie (D:8)
  4 quasits
  A centaur skeleton (D:6)
  A giant frog zombie (D:7)
  3 giant frog skeletons
  24 orc priests
  4 hell rats (Lair:3)
  5 hounds
  2 iron imps (Abyss:3)
  4 iguanas
  26 orc wizards
  29 sheep
  10 worker ants
  A giant frog simulacrum (D:11)
  A hound skeleton (D:6)
  34 river rats
  A worker ant zombie (D:5)
  11 gnolls
  11 adders
  3 shadow imps
  3 white imps
  3 oozes
  5 ufetubi
  An adder zombie (D:8)
  2 adder skeletons
  3 worms
  8 giant geckos
  143 orcs
  12 goblins
  7 hobgoblins
  4 jackals
  7 bats
  A giant cockroach (D:1)
  10 giant newts
  18 kobolds
  5 quokkas
  A quokka skeleton (D:4)
  A quokka zombie (D:6)
  14 rats
  A bush (Lair:2)
  7 fungi
  A plant (Lair:7)
1250 creatures vanquished.

Vanquished Creatures (collateral kills)
  Polyphemus (Shoals:4)
  4 merfolk javelineers
  A merfolk impaler (Shoals:4)
  5 hydras
  A catoblepas (Lair:6)
  A merfolk aquamancer (Shoals:4)
  A vampire mage (Abyss:4)
  2 death yaks (Shoals:4)
  6 naga sharpshooters (Snake:3)
  A shock serpent (Snake:1)
  2 starcursed masses (Abyss:4)
  A hill giant (Orc:4)
  A wizard (Lair:8)
  A manticore (Lair:8)
  2 ugly things (Abyss:4)
  3 elephants (Lair:8)
  2 guardian serpents (Snake:4)
  3 orange demons (Lair:8)
  A spiny frog (Lair:8)
  A naga mage (Snake:3)
  A fire drake (Lair:6)
  A blue devil (Lair:8)
  3 trolls (Orc:4)
  A merfolk (Shoals:4)
  2 raiju (Abyss:4)
  A yak (Lair:8)
  A wyvern (Lair:6)
  2 hippogriffs (Lair:6)
  A naga (Snake:4)
  A water moccasin (Lair:7)
  3 ogres (Orc:4)
  A crocodile (Lair:6)
  An iguana (Lair:6)
59 creatures vanquished.

Vanquished Creatures (others)
  A manticore (Shoals:4)
  2 small abominations (Abyss:4)
  A human (Snake:4)
  2 slaves (D:9)
  A worm (D:2)
  A giant cockroach (D:2)
  A giant newt (D:2)
  2 goblins (D:2)
  15 bushes
  13 fungi
  26 plants
65 creatures vanquished.

Grand Total: 1374 creatures vanquished

Notes
Turn   | Place    | Note
--------------------------------------------------------------
     0 | D:1      | HungrySpirit the Minotaur Gladiator began the quest for the Orb.
     0 | D:1      | Reached XP level 1. HP: 18/18 MP: 0/0
    67 | D:1      | Reached skill level 4 in Axes
    75 | D:1      | Reached XP level 2. HP: 23/25 MP: 1/1
   871 | D:2      | Reached XP level 3. HP: 31/31 MP: 2/2
   985 | D:2      | Reached skill level 5 in Axes
  1607 | D:2      | Reached XP level 4. HP: 39/39 MP: 3/3
  2260 | D:3      | Reached XP level 5. HP: 34/46 MP: 4/4
  2331 | D:3      | Found a faded altar to an unknown god.
  2447 | D:3      | Reached skill level 6 in Axes
  2559 | D:3      | Identified a +0 pair of boots of running (You found it on level 3 of the Dungeon)
  3160 | D:4      | Reached XP level 6. HP: 53/55 MP: 5/5
  3165 | D:4      | Reached skill level 7 in Axes
  3169 | D:4      | Reached skill level 5 in Fighting
  3217 | D:4      | Found a stormy altar of Qazlal.
  3219 | D:4      | Noticed a water elemental
  3219 | D:4      | Noticed a fire elemental
  3219 | D:4      | Noticed an air elemental
  3243 | D:4      | Noticed an ogre
  3249 | D:4      | Killed an ogre
  3327 | D:4      | Got a translucent chain mail
  3328 | D:4      | Identified the cursed +0 chain mail of the Suburbs {rElec Int+3 Slay+2} (You found it on level 4 of the Dungeon)
  3351 | D:4      | Noticed an ogre
  3356 | D:4      | Reached skill level 8 in Axes
  3356 | D:4      | Reached XP level 7. HP: 60/62 MP: 6/6
  3360 | D:4      | Killed an ogre
  3428 | D:4      | Noticed Menkaure
  3433 | D:4      | Killed Menkaure
  3527 | D:4      | Reached skill level 9 in Axes
  3554 | D:4      | Noticed an ogre
  3558 | D:4      | Killed an ogre
  3862 | D:5      | Entered Level 5 of the Dungeon
  4074 | D:5      | Reached XP level 8. HP: 59/71 MP: 7/7
  4201 | D:5      | Reached skill level 10 in Axes
  4429 | D:5      | Found a deep blue altar of Sif Muna.
  4671 | D:6      | Reached skill level 11 in Axes
  4680 | D:6      | Found a staircase to the Ecumenical Temple.
  4686 | Temple   | Entered the Ecumenical Temple
  4736 | Temple   | Became a worshipper of Trog the Wrathful
  5199 | D:6      | Found a burning altar of Makhleb.
  5901 | D:7      | Reached XP level 9. HP: 72/82 MP: 8/8
  6068 | D:7      | Reached * piety under Trog
  6068 | D:7      | Reached skill level 12 in Axes
  6367 | D:7      | Found an opulent altar of Gozag.
  7000 | D:8      | Found a sparkling altar of Nemelex Xobeh.
  7223 | D:9      | Reached skill level 1 in Armour
  7326 | D:9      | Noticed Pikel
  7355 | D:9      | Killed Pikel
  7355 | D:9      | Reached skill level 13 in Axes
  7372 | D:9      | Reached XP level 10. HP: 82/93 MP: 9/9
  7524 | D:9      | Found an iron altar of Okawaru.
  7603 | D:9      | Found a white marble altar of Elyvilon.
  7647 | D:9      | Reached skill level 10 in Fighting
  7649 | D:9      | Noticed an elephant
  7656 | D:9      | Killed an elephant
  7656 | D:9      | Reached skill level 5 in Dodging
  7674 | D:9      | Found a staircase to the Lair.
  7747 | D:9      | Reached ** piety under Trog
  7805 | D:9      | Noticed Maurice
  7811 | D:9      | Killed Maurice
  7811 | D:9      | Reached skill level 14 in Axes
  8015 | D:9      | Reached skill level 5 in Armour
  8179 | Lair:1   | Entered Level 1 of the Lair of Beasts
  8350 | Lair:1   | Reached *** piety under Trog
  8487 | Lair:1   | Reached XP level 11. HP: 71/101 MP: 10/10
  8528 | Lair:1   | Reached skill level 15 in Axes
  8848 | Lair:1   | Noticed a lindwurm
  8852 | Lair:1   | Killed a lindwurm
  8856 | Lair:1   | Found a dark tunnel.
  8891 | Volcano  | Entered a volcano
  9233 | Volcano  | Found a bloodstained altar of Trog.
  9233 | Volcano  | Noticed a centaur warrior
  9237 | Volcano  | Killed a centaur warrior
  9733 | Lair:2   | Noticed a seven-headed hydra
  9739 | Lair:2   | Killed a seven-headed hydra
  9843 | Lair:2   | Reached **** piety under Trog
 10091 | Lair:2   | Reached skill level 16 in Axes
 10525 | Lair:2   | Reached XP level 12. HP: 112/112 MP: 11/11
 10722 | Lair:3   | Found a staircase to the Snake Pit.
 10899 | Lair:3   | Found a staircase to the Shoals.
 11461 | Lair:3   | Reached ***** piety under Trog
 11658 | Lair:3   | Reached skill level 17 in Axes
 12308 | Lair:4   | Reached XP level 13. HP: 71/119 MP: 12/12
 12474 | Lair:4   | Reached skill level 10 in Armour
 12850 | Lair:4   | Noticed a six-headed hydra
 12858 | Lair:4   | Killed an eight-headed hydra
 13250 | Lair:4   | Reached skill level 10 in Dodging
 13380 | Lair:5   | Reached skill level 18 in Axes
 13623 | Lair:5   | Received a gift from Trog
 13665 | Lair:5   | Gained mutation: Your natural rate of healing is unusually fast. [potion of mutation]
 13665 | Lair:5   | Gained mutation: Potions and wands are less effective at restoring your health. [potion of mutation]
 13665 | Lair:5   | Gained mutation: You are partially covered in slimy green scales (AC +2). [potion of mutation]
 13666 | Lair:5   | Gained mutation: You have large cloven feet. [potion of mutation]
 13666 | Lair:5   | Lost mutation: You have large cloven feet. [potion of mutation]
 14328 | Lair:6   | Found a labyrinth entrance.
 14337 | Lab      | Entered a labyrinth
 14449 | Lab      | Found an exit through the horrors of the Abyss.
 15929 | Lair:7   | Noticed Maud
 15940 | Lair:7   | Killed Maud
 15940 | Lair:7   | Reached XP level 14. HP: 130/130 MP: 13/13
 16057 | Lair:7   | Reached skill level 19 in Axes
 16183 | Lair:7   | Found a viscous altar of Jiyva.
 16183 | Lair:7   | Found a staircase to the Slime Pits.
 16318 | Lair:7   | Received a gift from Trog
 16358 | Lair:7   | Identified 2 scrolls of acquirement
 16365 | Lair:7   | Got a shimmering chain mail
 16366 | Lair:7   | Identified the +8 chain mail "Trusted Companion" {rN+++ Int-2 Slay+3} (You acquired it on level 7 of the Lair of Beasts)
 16789 | Lair:7   | Got a shimmering cloak
 16800 | Lair:7   | Identified the +0 cloak of Dim Light {rN+} (You acquired it on level 7 of the Lair of Beasts)
 16812 | Lair:8   | Entered Level 8 of the Lair of Beasts
 17487 | Lair:8   | Found a burning altar of Makhleb.
 17513 | Lair:8   | Found a gateway to Hell.
 17650 | Lair:8   | Got a heavily runed buckler
 17652 | Lair:8   | Identified the +0 buckler of Usiwkuro {Str+7} (You found it on level 8 of the Lair of Beasts)
 18279 | D:10     | Entered Level 10 of the Dungeon
 18644 | D:10     | Reached skill level 20 in Axes
 18789 | D:10     | Found Jiur's Distillery.
 18793 | D:10     | Bought a potion of beneficial mutation for 525 gold pieces
 18793 | D:10     | Bought a potion of agility for 60 gold pieces
 18796 | D:10     | Gained mutation: Your spells are a little harder to cast, but a little more powerful. [potion of beneficial mutation]
 18954 | D:10     | Received a gift from Trog
 19269 | D:11     | Reached skill level 15 in Fighting
 19344 | D:11     | Found a staircase to the Orcish Mines.
 19845 | Orc:1    | Entered Level 1 of the Orcish Mines
 19851 | Orc:1    | Received a gift from Trog
 19861 | Orc:1    | Reached XP level 15. HP: 141/141 MP: 14/14
 20066 | Orc:3    | Found a roughly hewn altar of Beogh.
 20333 | Orc:3    | Found Ownielap's Food Shop.
 20549 | Orc:3    | Noticed Harold
 20563 | Orc:3    | Killed Harold
 21092 | Orc:2    | Noticed Josephine
 21096 | Orc:2    | Killed Josephine
 21108 | Orc:2    | Reached ****** piety under Trog
 21214 | Orc:2    | Received a gift from Trog
 21293 | Orc:2    | Found a roughly hewn altar of Beogh.
 21730 | Orc:4    | Entered Level 4 of the Orcish Mines
 21730 | Orc:4    | Found a staircase to the Elven Halls.
 21953 | Orc:4    | Received a gift from Trog
 21954 | Orc:4    | Found Dojepp's Magic Scroll Shop.
 22068 | Orc:4    | Found Xajixuydgh's Book Shoppe.
 22073 | Orc:4    | Found Wampeoxzi's Food Boutique.
 22074 | Orc:4    | Found Gosheon's Weapon Boutique.
 22243 | Orc:4    | Bought a scroll of acquirement for 676 gold pieces
 22246 | Orc:4    | Got a pair of polished gloves
 22257 | Orc:4    | Identified the +1 pair of gloves of the Vacuum {*Drain rPois rF+ MP+9} (You acquired it on level 4 of the Orcish Mines)
 22708 | Snake:1  | Entered Level 1 of the Snake Pit
 22755 | Snake:1  | Noticed Nikola
 22785 | Snake:1  | Killed Nikola
 23095 | Snake:1  | Received a gift from Trog
 23095 | Snake:1  | Reached skill level 21 in Axes
 24492 | Snake:2  | Reached XP level 16. HP: 151/151 MP: 15/15
 25244 | Snake:2  | Noticed a greater naga
 25251 | Snake:2  | Killed a greater naga
 25379 | Snake:2  | Found Idwori Pown's Gadget Shoppe.
 26183 | Snake:3  | Reached skill level 22 in Axes
 26466 | Snake:3  | Noticed Vashnia
 26826 | Snake:4  | Entered Level 4 of the Snake Pit
 27075 | Snake:4  | Noticed Kirke
 27217 | Snake:4  | Killed Kirke
 27577 | Snake:4  | Received a gift from Trog
 28057 | Snake:4  | Reached XP level 17. HP: 161/161 MP: 16/16
 28426 | Snake:4  | Received a gift from Trog
 28663 | Snake:4  | Reached skill level 15 in Armour
 29097 | Snake:4  | Reached skill level 23 in Axes
 29329 | Snake:4  | Received a gift from Trog
 30304 | Snake:4  | Got a serpentine rune of Zot
 30685 | Snake:3  | Killed Vashnia
 31053 | Snake:2  | Reached skill level 15 in Dodging
 31176 | Snake:3  | Identified the Collected Works on Creative Augmentations
 31292 | Snake:3  | Noticed Roxanne
 31304 | Snake:3  | Killed Roxanne
 31304 | Snake:3  | Reached XP level 18. HP: 141/171 MP: 17/17
 31360 | Snake:3  | Found Wadetaus's Assorted Antiques.
 31587 | Shoals:1 | Entered Level 1 of the Shoals
 31644 | Shoals:2 | Noticed Aizul
 31654 | Shoals:2 | Killed Aizul
 31718 | Shoals:2 | Received a gift from Trog
 32288 | Shoals:4 | Entered Level 4 of the Shoals
 32802 | Shoals:4 | Reached skill level 24 in Axes
 33594 | Shoals:4 | Received a gift from Trog
 33812 | Shoals:4 | Noticed Polyphemus
 33826 | Shoals:4 | Killed Polyphemus
 33920 | Shoals:4 | Got a barnacled rune of Zot
 34140 | Shoals:4 | Received a gift from Trog
 34165 | Shoals:4 | Cast into the Abyss (merfolk impaler)
 35093 | Abyss:3  | Lost intelligence.
 35452 | Abyss:4  | Noticed a profane servitor
 35466 | Abyss:4  | Reached XP level 19. HP: 143/181 MP: 16/16
 35488 | Abyss:4  | Killed a profane servitor
 35512 | Abyss:4  | Noticed a lich
 35513 | Abyss:4  | Killed a lich
 35542 | Abyss:4  | HP: 1/181 [Hell Sentinel (21)]
 35543 | Abyss:4  | Mangled by a Hell Sentinel

Action                   |  1- 3 |  4- 6 |  7- 9 | 10-12 | 13-15 | 16-18 | 19-21 || total
-------------------------+-------+-------+-------+-------+-------+-------+-------++-------
Melee: War axe           |    75 |   111 |   191 |   431 |   381 |       |       ||  1189
       Battleaxe         |       |       |       |       |   318 |       |       ||   318
       Executioner's axe |       |       |       |       |   340 |  1142 |    51 ||  1533
Invok: Berserk           |       |       |       |     5 |    11 |     7 |     1 ||    24
       Trog's Hand       |       |       |       |     1 |     5 |    11 |     1 ||    18
       Brothers in Arms  |       |       |       |       |    12 |    11 |     4 ||    27
Evoke: Wand              |       |       |       |     7 |     1 |     5 |       ||    13
  Use: Scroll            |       |     3 |       |    15 |    23 |    16 |       ||    57
       Potion            |       |       |       |       |    12 |    13 |     9 ||    34
 Stab: Distracted        |       |       |       |       |     1 |     6 |       ||     7
       Invisible         |       |       |       |       |       |    13 |       ||    13
  Eat: Chunk             |     1 |     6 |    12 |    11 |    28 |    21 |       ||    79
       Fruit             |       |       |       |     6 |    25 |     4 |     1 ||    36
       Beef jerky        |       |       |       |     2 |       |     4 |       ||     6
       Pizza             |       |       |       |     1 |       |     1 |       ||     2
       Royal jelly       |       |       |       |       |     1 |       |       ||     1
       Meat ration       |       |       |       |       |       |     3 |       ||     3
